 Dungeon Crawl Stone Soup version 0.32-a0-913-g739538afd8 (webtiles) character file.

Game seed: 12606201087593378315

97 Foxy the Chopper (level 4, -4/33 (35) HPs)
             Began as a Coglin Berserker on Apr 9, 2024.
             Was a Believer of Trog.
             Slain by Crazy Yiuf
             ... wielding a +3 quarterstaff of chaos
              (11 damage)
             ... on level 2 of the Dungeon.
             The game lasted 00:01:24 (1428 turns).

Foxy the Chopper (Coglin Berserker)                 Turns: 1428, Time: 00:01:26

HP:   -4/33 (35)    AC:  2    Str: 19    XL:     4   Next: 68%
MP:   4/4           EV: 11    Int:  7    God:    Trog [**....]
Gold: 71            SH:  0    Dex: 13    Spells: 3/3 levels left

rFire   . . .        a - +0 hand axe {Yashnoor}
rCold   . . .        d - +0 whip {Tae}
rNeg    . . .        b - +0 animal skin
rPois   .            (no helmet)
rElec   .            (no cloak)
rCorr   .            (no gloves)
SInv    .            (no boots)
Will    .....        (amulet unavailable)
Stlth   +            (ring unavailable)
HPRegen 0.25/turn    (ring unavailable)
MPRegen 0.09/turn    (no gizmo)

%: no passive effects
@: on berserk cooldown, hasted and slowed, drained
A: off-hand wielding, slow wielding, warmup strikes, no jewellery
a: Invent Gizmo, Renounce Religion, Berserk, Trog's Hand


You were on level 2 of the Dungeon.
You worshipped Trog.
Trog was pleased with you.
You visited 1 branch of the dungeon, and saw 2 of its levels.

You collected 71 gold pieces.

Inventory:

Hand Weapons
 a - a +0 hand axe (weapon) {Yashnoor}
 d - a +0 whip (offhand) {Tae}
Armour
 b - a +0 animal skin (worn)
Scrolls
 e - 3 scrolls of teleportation {unknown}
 h - a scroll of vulnerability {unknown}
 j - 2 scrolls of identify {unknown}
 k - 3 scrolls of poison {unknown}
 l - a scroll of silence {unknown}
Potions
 c - a potion of mutation {unknown}
 f - a potion of heal wounds {unknown}
 g - 2 potions of curing {unknown}
 i - a potion of degeneration {unknown}


   Skills:
 + Level 3.4 Fighting
 * Level 3.9(4.2) Axes
 * Level 2.0(3.1) Maces & Flails
 - Level 1.7 Armour
 + Level 2.3 Dodging


You had 3 spell levels left.
You didn't know any spells.
Your spell library was empty.

Dungeon Overview and Level Annotations

Branches:
Dungeon (2/15)

Altars:

Annotations:
D:2 Crazy Yiuf


Innate Abilities, Weirdness & Mutations

You can wield a second weapon in your off-hand.
It takes a long time for you to wield or remove held weapons.
Your first few attacks do less damage.
You cannot equip rings or amulets.


Message History

You hit the frilled lizard with your +0 whip.
You kill the frilled lizard!
Trog accepts your kill.
No target in view!
No target in view!
No target in view!
No target in view!
No target in view!
No target in view!
Found a ring mail.
You see here a +0 ring mail.
You see here a +0 ring mail.
You see here a +0 quarterstaff.
A red film seems to cover your vision as you go berserk!
You feel yourself moving faster!
You feel mighty!
Crazy Yiuf shouts!
The door flies open with a bang!
You feel a strong urge to attack something.
Crazy Yiuf hits you with a +3 quarterstaff of chaos!
You feel drained.
There is an open translucent door, spattered with blood here.
You hit Crazy Yiuf with your +0 hand axe.
Crazy Yiuf is lightly wounded.
You whack Crazy Yiuf with your +0 whip!
Crazy Yiuf hits you with a +3 quarterstaff of chaos.
You are confused.
You are no longer berserk.
You are exhausted.
You feel yourself slow down.
You bump into the stone wall.
Crazy Yiuf barely misses you. Crazy Yiuf closely misses you.
Crazy Yiuf barely misses you.
There is an open translucent door, spattered with blood here.
You bump into the rock wall.
You feel less confused.
Crazy Yiuf hits you with a +3 quarterstaff of chaos!
* * * LOW HITPOINT WARNING * * *
You feel yourself speed up.
Crazy Yiuf hits you with a +3 quarterstaff of chaos!
You die...

#.# #+..+#
#.#.##.### #.#
#....# #......# #.#
##...# ###.######
#.# ##.## #.# ###.
#.# ##.#
#####.###... #.#
#.## #.......#.#.
#.# ##.#
#.###.#.#)## #.#
#.## #.###.#.#.# ###
##@## #.##..#.#.#
#.g.# #.##.##.#.#
#...# #.##)##.#.##
#)..# #..÷÷...#...
##### #....÷......
#....##....#
#########.###...#..#
#.........# #.###.##
#######...# #...#.÷.


You could see Crazy Yiuf.

Vanquished Creatures
  Jessica (D:2)
  2 adders (D:2)
  2 dart slugs (D:2)
  5 ball pythons
  5 endoplasms
  A giant cockroach (D:1)
  5 hobgoblins
  8 kobolds
  A quokka (D:2)
  6 bats
  5 frilled lizards
  2 goblins (D:2)
  5 rats
48 creatures vanquished.

Notes
Turn   | Place    | Note
-------+----------+-------------------------------------------
     0 | D:1      | Foxy the Coglin Berserker began the quest for the Orb.
     0 | D:1      | Reached XP level 1. HP: 18/18 MP: 1/1
   163 | D:1      | Reached XP level 2. HP: 23/24 MP: 2/2
   333 | D:1      | Reached skill level 1 in Maces & Flails
   600 | D:2      | Found a faded altar of an unknown god.
   605 | D:2      | Reached XP level 3. HP: 26/29 MP: 3/3
   831 | D:2      | Noticed Jessica
   839 | D:2      | Killed Jessica
   840 | D:2      | Reached XP level 4. HP: 35/35 MP: 4/4
   873 | D:2      | Reached ** piety under Trog
  1239 | D:2      | Found a runed translucent door.
  1240 | D:2      | Noticed Crazy Yiuf
  1428 | D:2      | Slain by Crazy Yiuf

Illustrated notes

Levels and vault maps discovered:
D:1:      dpeg_arrival_central, layout_rooms, hangedman_decor_riveting
D:2:      layout_loops_cross, dreamdust_ecumenical_altar_angels_and_demons,
          minmay_pentomino_t4, uniq_jessica, uniq_crazy_yiuf_cottage

Skill      XL: |  1  2  3  4 |
---------------+-------------+-----
Maces & Flails | 1 2 |  2.0
Dodging        | 2 |  2.3
Fighting       | |  3.4
Axes           | |  3.9
Armour         | |  1.7

Action                     |  1- 3 |  4- 6 || total
---------------------------+-------+-------++-------
  Melee: Hand axe          |    46 |    25 ||    71
         Whip              |    45 |    24 ||    69
 Invoke: Berserk           |     1 |     1 ||     2
   Stab: Sleeping          |     3 |       ||     3
 Armour: Animal skin       |    25 |    16 ||    41
  Dodge: Dodged            |    26 |    12 ||    38

Table legend: (Time is in decaauts)
 A = Elapsed time spent in this place.
 B = Non-inter-level travel time spent in this place.
 C = Inter-level travel time spent in this place.
 D = Time resting spent in this place.
 E = Time spent auto-exploring this place.
 F = Levels seen in this place.
 G = Mean time per level.
                   A        B        C        D        E       F      G
               +--------+--------+--------+--------+--------+-----+--------+
         Total |   1441 |   1411 |     30 |     25 |   1124 |   2 |  720.5 |
       Dungeon |   1441 |   1411 |     30 |     25 |   1124 |   2 |  720.5 |
               +--------+--------+--------+--------+--------+-----+--------+

Top non-repeatable levels by time:
     D:2: 842 daAuts
     D:1: 598 daAuts
